 Dungeon Crawl Stone Soup version 0.24.0-123-gd5b16e6ec5 (webtiles) character file.

Game seed: 1972055341542098101, levelgen mode: deterministic

12 1994 the Stinger (level 2, 0/16 HPs)
             Began as a Tengu Venom Mage on Jan 2, 2020.
             Was an Initiate of Ashenzari.
             Slain by a giant cockroach (2 damage)
             ... on level 1 of the Dungeon.
             The game lasted 00:05:08 (480 turns).

1994 the Stinger (Tengu Venom Mage)                  Turns: 480, Time: 00:05:08

Health: 0/16       AC:  5    Str:  6 (8)  XL:     2   Next: 33%
Magic:  0/6        EV: 10    Int: 12 (15) God:    Ashenzari [......]
Gold:   4          SH:  0    Dex: 12 (14) Spells: 2/5 levels left

rFire    + . .     SeeInvis .   b - -3 dagger (curse)
rCold    + . .     Gourm    .   (no shield)
rNeg     . . .     Faith    .   e - +0 ring mail
rPois    +         Spirit   .   (helmet restricted)
rElec    +         Reflect  .   (no cloak)
rCorr    +         Harm     .   (no gloves)
MR       .....                  (boots unavailable)
Stlth    +.........             (no amulet)
HPRegen  0.05/turn              (no ring)
MPRegen  0.10/turn              (no ring)

@: resistant, very slightly contaminated
A: beak, talons 3
a: Curse Item, Renounce Religion


You were on level 1 of the Dungeon.
You worshipped Ashenzari.
Ashenzari was noncommittal.
You were not hungry.

You visited 1 branch of the dungeon, and saw 2 of its levels.

You collected 4 gold pieces.

Inventory:

Hand Weapons
 b - a cursed -3 dagger (weapon)
Armour
 a - a +0 robe
 e - a +0 ring mail (worn)
Comestibles
 c - a ration


   Skills:
 + Level 0.4 Fighting
 + Level 2.3 Dodging
 - Level 2.0 Stealth
 + Level 2.1 Spellcasting
 + Level 1.8 Conjurations
 * Level 0.5 Air Magic
 * Level 3.1 Poison Magic


You had 2 spell levels left.
You knew the following spells:

 Your Spells              Type           Power        Failure   Level  Hunger
a - Sting                 Conj/Pois      #...         36%         1    ##.....
b - Poisonous Vapours     Pois/Air       #.....       61%         2    ###....

Your spell library contained the following spells:

 Spells                   Type           Power        Failure   Level  Hunger
 Mephitic Cloud           Conj/Pois/Air  #.......     83%         3    ####...
 Olgreb's Toxic Radiance  Pois           #.......     96%         4    #####..
 Venom Bolt               Conj/Pois      #.........   100%        5    ######.


Dungeon Overview and Level Annotations

Branches:
Dungeon (2/15)

Altars:
Ashenzari


Innate Abilities, Weirdness & Mutations

You have a beak for a mouth.
You have claws for feet.


Message History

The hobgoblin hits you but does no damage.
You hit the hobgoblin.
You kill the hobgoblin!
The giant cockroach barely misses you.
You hit the giant cockroach but do no damage.
The giant cockroach closely misses you.
You hit the giant cockroach but do no damage.
The giant cockroach barely misses you.
You hit the giant cockroach but do no damage.
The giant cockroach barely misses you.
You hit the giant cockroach but do no damage.
Your kick misses the giant cockroach. The giant cockroach closely misses you.
Casting: Poisonous Vapours (safe; 61% risk of failure)
Confirm with . or Enter, or press ? or * to list all spells.
Aiming: Sting (safe; 36% risk of failure)
Press: ? - help, Shift-Dir - straight line, f - giant cockroach
Aim: a giant cockroach (clinging)
The sting hits the giant cockroach but does no damage.
The giant cockroach is poisoned.
The giant cockroach bites you.
You die...

.# ###.#####..#.#...............
.####.....#....#.#.##############
...............#.#...# #.#####
.......[.....#.#.#.#.######.....#
#......<.....#...#.#.....##.###.#
#............#..b#.#####.##.# #.#
#..............rg#.# ###.##.# #.#
#...#........###s#.# #....#.# #.#
#[..###.###..# #@#.# #....#.# #.#
##### ### #.## ###.# #.(..#.# #.#
###########.# #.# #....#.###.#
............# #.# #....#.#....
################ #.###....#......
#..............###.#.............
..############.#...#.##...######.
### #.#.###.##...# #.
#.......#....######.


You could see a giant cockroach, a goblin, a bat and a rat.

Vanquished Creatures
  A leopard gecko (D:1)
  A giant cockroach (D:1)
  A goblin (D:1)
  2 hobgoblins (D:1)
  A jackal (D:1)
  3 bats (D:1)
  A kobold (D:1)
  A rat (D:1)
11 creatures vanquished.

Notes
Turn   | Place    | Note
-------+----------+-------------------------------------------
     0 | D:1      | 1994 the Tengu Venom Mage began the quest for the Orb.
     0 | D:1      | Reached XP level 1. HP: 10/10 MP: 4/4
   197 | D:1      | Reached XP level 2. HP: 16/16 MP: 4/6
   201 | D:1      | Learned a level 2 spell: Poisonous Vapours
   398 | D:1      | You fall into a shaft and drop 1 floor!
   401 | D:2      | Found a shattered altar of Ashenzari.
   406 | D:2      | Became a worshipper of Ashenzari the Shackled
   480 | D:1      | Slain by a giant cockroach

Levels and vault maps discovered:
D:1:      dpeg_arrival_orchard, layout_basic
D:2:      layout_rooms, serial_bayou_pond_b, ashenzari_altar_1

Action                   || total
-------------------------++-------
Melee: Dagger            ||    25
       Kick              ||     3
       Peck              ||     2
 Cast: Sting             ||     7
       Poisonous Vapours ||     1
  Use: Potion            ||     2
 Stab: Sleeping          ||     2
Armor: Ring mail         ||    39
Dodge: Dodged            ||    47
